 Dungeon Crawl Stone Soup version 0.23.2 (webtiles) character file.

Game seed: 7721567109549569081

4 Kairos the Skirmisher (level 1, -1/18 HPs)
             Began as a Formicid Abyssal Knight on Apr 9, 2019.
             Was an Initiate of Lugonu.
             Slain by a goblin (3 damage)
             ... on level 1 of the Dungeon.
             The game lasted 00:00:50 (290 turns).

Kairos the Skirmisher (Formicid Abyssal Knight)      Turns: 290, Time: 00:00:50

Health: -1/18      AC:  8    Str: 16    XL:     1   Next: 66%
Magic:  2/2        EV:  7    Int: 11    God:    Lugonu [......]
Gold:   26         SH:  0    Dex: 10    Spells: 0/0 levels left

rFire    . . .     SeeInvis +   a - +1 spear
rCold    . . .     Gourm    .   (no shield)
rNeg     . . .     Faith    .   h - +0 chain mail
rPois    .         Spirit   .   (helmet unavailable)
rElec    .         Reflect  .   (no cloak)
rCorr    .         Harm     .   (no gloves)
MR       .....                  (no boots)
Stlth    ..........             (no amulet)
HPRegen  0.06/turn              f - ring of wizardry
MPRegen  0.08/turn              (no ring)

@: no status effects
A: permanent stasis, dig shafts and tunnels, four strong arms, antennae 3
a: Dig, Shaft Self, Renounce Religion


You were on level 1 of the Dungeon.
You worshipped Lugonu.
Lugonu was noncommittal.
You were not hungry.

You visited 1 branch of the dungeon, and saw 1 of its levels.
You visited the Abyss 1 time.

You collected 26 gold pieces.

Inventory:

Hand Weapons
 a - a +1 spear (weapon)
 e - a +0 arbalest
Armour
 b - a +0 leather armour
 h - a +0 chain mail (worn)
Jewellery
 f - a ring of wizardry (left hand)
Scrolls
 d - a scroll of immolation {unknown}
 g - a scroll of torment {unknown}
 i - a scroll of identify {unknown}
Comestibles
 c - a ration


   Skills:
 + Level 3.3 Fighting
 + Level 2.1 Polearms
 + Level 2.3 Armour
 + Level 0.8 Dodging
 + Level 2.2 Invocations


You couldn't memorise any spells.
You didn't know any spells.
Your spell library contained the following spells:

 Spells                   Type           Power        Failure   Level  Hunger
 Corpse Rot               Necr           N/A          98%         2    ###....
 Sublimation of Blood     Necr           #.........   98%         2    ###....
 Agony                    Necr           #.......     100%        5    ######.
 Bolt of Draining         Conj/Necr      #.........   100%        5    ######.
 Dispel Undead            Necr           #.......     100%        5    ######.
 Excruciating Wounds      Chrm/Necr      #.........   100%        5    ######.


Dungeon Overview and Level Annotations

Branches:
Dungeon (1/15)

Altars:


Innate Abilities, Weirdness & Mutations

You cannot be hasted, slowed, berserked, paralysed or teleported.
You can dig through walls and to a lower floor.
Your four strong arms can wield two-handed weapons with a shield.
You have a pair of large antennae on your head. (SInv)


Message History

The leopard gecko hisses menacingly.
The goblin hits you but does no damage. The leopard gecko barely misses you.
You hit the leopard gecko.
The leopard gecko is moderately wounded.
The leopard gecko bites you.
* * * LOW HITPOINT WARNING * * *
You puncture the leopard gecko!
You kill the leopard gecko!
Lugonu accepts your kill.
You hit the goblin.
The goblin is severely wounded.
The goblin hits you but does no damage.
You hit the goblin but do no damage.
The goblin is severely wounded.
The goblin hits you but does no damage.
You barely miss the goblin.
The goblin is severely wounded.
The goblin hits you.
You die...

##.## ##........... # #...
##..⌠...⌠...⌠. # #.#..#
##.............
#.#.#..#######......⌠.......
#............#..........⌠...
###......)...##.............
###.....#g############.###
#)#####g# #.# #..# #.
#@######.######.# #.
#...............# #.
#........######.# #.
##.####### #.# #. #.# #.. ##
#.# #### #.# #.# ..#


You could see a hobgoblin and a goblin.

Vanquished Creatures
  A leopard gecko (D:1)
  A goblin (D:1)
  A kobold (D:1)
3 creatures vanquished.

Notes
Turn   | Place    | Note
-------+----------+-------------------------------------------
     0 | Abyss:1  | Kairos the Formicid Abyssal Knight began the quest for the
                  | Orb.
     0 | Abyss:1  | Reached XP level 1. HP: 18/18 MP: 2/2
    92 | Abyss:2  | Noticed a hell hound
    93 | Abyss:2  | Noticed a hell hound
    93 | Abyss:2  | Noticed a hell hound
    94 | D:1      | Escaped the Abyss
   290 | D:1      | Slain by a goblin

Action                   || total
-------------------------++-------
Melee: Spear             ||    22
Invok: Depart the Abyss  ||     1
Armor: Chain mail        ||    13
Dodge: Dodged            ||    11
